 Dungeon Crawl Stone Soup version 0.20.1-1-g8b1a95d (webtiles) character file.

290406 Mitsuki the Victor of a Thousand Battles (level 21, -2/194 HPs)
             Began as a Hill Orc Fighter on Oct 8, 2017.
             Was the Champion of Okawaru.
             Slain by an eight-headed hydra (11 damage)
             ... on level 3 of the Swamp on Oct 13, 2017.
             The game lasted 04:04:23 (58666 turns).

Mitsuki the Victor of a Thousand Battles (HOFi)    Turns: 58666, Time: 04:04:23

Health: -2/194     AC: 26    Str: 25    XL:     21   Next: 13%
Magic:  29/30      EV:  7    Int:  4    God:    Okawaru [******]
Gold:   3621       SH: 40    Dex: 14    Spells: 20/20 levels left

rFire    + + .     SeeInvis .   f - +8 trident of the Octopus King {venom, rElec rPois MR+}
rCold    + + .     Gourm    .   b - +10 large shield of Ignorance {rN+ Int-4}
rNeg     + + .     Faith    .   h - +4 chain mail {rF+}
rPois    +         Spirit   .   G - +1 hat
rElec    +         Reflect  +   n - +2 cloak {+Inv}
rCorr    .         Harm     .   g - +1 pair of gloves of the Beekeeper {rF+}
MR       +++..     Rnd*Rage +   j - +1 pair of boots {Stlth+} Stlth ..........Rnd*Tele +
                                t - brooch of Shielding {Reflect SH+8}
Regen    0.5/turn               y - ring of positive energy
MPRegen  0.3/turn               u - ring "Bommuj" {rC++ Dex+4}

@: berserk cooldown, very slightly contaminated, slowed, invisible, very slow
A: antennae 2, molten scales 1, berserk 3, blurry vision 3, deformed body,
deterioration 1, low mp 1, magic resistance 1, screaming 1, teleportitis 1, weak
2, no potion heal 1, subdued magic 1, MP-powered wands
}: 1/15 runes: serpentine
a: Heroism, Finesse, Renounce Religion


You were on level 3 of the Swamp.
You worshipped Okawaru.
Okawaru was exalted by your worship.
You were near starving.

You visited 8 branches of the dungeon, and saw 36 of its levels.
You visited the Abyss 1 time.
You also visited: Ice Cave.

You collected 4015 gold pieces.
You spent 394 gold pieces at shops.

Inventory:

Hand Weapons
 f - the +8 trident of the Octopus King (weapon) {venom, rElec rPois MR+}
   (Okawaru gifted it to you on level 2 of the Orcish Mines)

   It poisons the flesh of those it strikes.
   It insulates you from electricity.
   It protects you from poison.
   It affects your resistance to hostile enchantments.
 p - a +4 hunting sling of flaming
Missiles
 Q - 4 javelins of penetration (quivered)
Armour
 b - the +10 large shield of Ignorance (worn) {rN+ Int-4}
   (You found it on level 1 of the Orcish Mines)

   It affects your intelligence (-4).
   It protects you from negative energy.
 g - the +1 pair of gloves of the Beekeeper (worn) {rF+}
   (Okawaru gifted it to you on level 3 of the Elven Halls)

   It protects you from fire.
 h - a +4 chain mail of fire resistance (worn)
 j - a +1 pair of boots of stealth (worn)
 n - a +2 cloak of invisibility (worn)
 F - the +2 robe of Qetwoezi {rElec rF- MR+, unknown}
   (Okawaru gifted it to you on level 1 of the Swamp)

   It makes you vulnerable to fire.
   It insulates you from electricity.
   It affects your resistance to hostile enchantments.
 G - a +1 hat (worn)
Jewellery
 m - an uncursed ring of poison resistance
 t - the brooch of Shielding (around neck) {Reflect SH+8}
   (You found it on level 11 of the Dungeon)

   [amulet of reflection]

   It shields you and reflects attacks.
   It affects your SH (+8).
 u - the ring "Bommuj" (right hand) {rC++ Dex+4}
   (You took it off a deep elf death mage on level 3 of the Elven Halls)

   [ring of dexterity]

   It affects your dexterity (+4).
   It greatly protects you from cold.
 y - a ring of positive energy (left hand)
 R - an uncursed ring of flight
Wands
 d - a wand of clouds (5/9)
 i - a wand of scattershot (1/9)
 w - a wand of digging (20/24)
 z - a wand of iceblast (8/15)
 I - a wand of confusion (8/48)
Scrolls
 s - 3 scrolls of identify
 x - a scroll of fear
 A - 6 scrolls of remove curse
 B - 2 scrolls of fog
 C - 2 scrolls of recharging
 D - a scroll of silence
 E - a scroll of summoning
 H - a scroll of holy word
 J - a scroll of blinking
 U - 18 scrolls of teleportation
Potions
 e - 6 potions of cancellation
 l - 2 potions of agility
 q - 6 potions of heal wounds
 r - 17 potions of curing
 K - a potion of brilliance
 M - 5 potions of haste
 N - 2 potions of berserk rage
 O - 3 potions of flight
 T - a potion of ambrosia
Books
 a - a book of Misfortune

   Spells                             Type                      Level
   a - Confusing Touch                Hexes                        1
   b - Confuse                        Hexes                        3
   c - Gell's Gravitas                Translocation                3
   d - Petrify                        Transmutation/Earth          4
   e - Metabolic Englaciation         Hexes/Ice                    5
   f - Yara's Violent Unravelling     Hexes/Transmutation          5
 v - a book of Unlife

   Spells                             Type                      Level
   a - Recall                         Summoning/Translocation      3
   b - Animate Dead                   Necromancy                   4
   c - Control Undead                 Necromancy                   4
   d - Cigotuvi's Embrace             Necromancy                   5
   e - Death Channel                  Necromancy                   6
   f - Simulacrum                     Ice/Necromancy               6
Miscellaneous
 c - a phial of floods
 Z - 2 phantom mirrors
Comestibles
 k - a royal jelly
 o - 4 meat rations
 P - 24 fruits


   Skills:
 + Level 18.1 Fighting
 + Level 16.7 Polearms
 + Level 16.9 Armour
 + Level 16.9 Shields
 + Level 18.3 Invocations
 + Level 14.8 Evocations


You had 20 spell levels left.
You didn't know any spells.

Dungeon Overview and Level Annotations

Branches:
Dungeon (15/15)            Temple (1/1) D:4            Lair (6/6) D:11
  Swamp (4/4) Lair:4        Snake (4/4) Lair:3        Slime (1/5) Lair:5
    Orc (2/2) D:10            Elf (3/3) Orc:2        Vaults (0/5) D:14
 Depths (0/5) D:15

Altars:
Ashenzari
Cheibriados
Dithmenos
Elyvilon
Fedhas
Gozag
Hepliaklqana
Kikubaaqudgha
Makhleb
Nemelex Xobeh
Okawaru
Qazlal
Ru
Sif Muna
Trog
Uskayaw
Vehumet
Xom
Yredelemnul
Zin
The Shining One

Shops:
D:14 :*   Orc:2 [!:[   Elf:1 :   Elf:2 (   Elf:3 !

Annotations:
Orc:1 exclusion: 4 orange crystal statues


Innate Abilities, Weirdness & Mutations

You have a pair of antennae on your head.
You are partially covered in molten scales. (AC +2)
You have an uncontrollable temper.
Scrolls take you much longer to read.
Armour fits poorly on your strangely shaped body.
Your body sometimes deteriorates upon taking damage.
Your magical capacity is low. (-10% MP)
You are resistant to hostile enchantments. (MR+)
You occasionally shout uncontrollably at your foes.
You are occasionally teleported next to monsters.
You are very weak. (Str -4)
Potions are less effective at restoring your health.
Your spells are a little easier to cast, but a little less powerful.
You expend magic power (3 MP) to strengthen your wands.


Message History

The eight-headed hydra closely misses you.
You block the five-headed hydra's attack.
The five-headed hydra bites you but does no damage.
The five-headed hydra bites you!
* * * LOW HITPOINT WARNING * * *
The five-headed hydra bites you but does no damage.
The five-headed hydra bites you.
* * * LOW HITPOINT WARNING * * *
You puncture the five-headed hydra!
The five-headed hydra is moderately wounded.
You block the five-headed hydra's attack. x2
The five-headed hydra barely misses you.
You block the five-headed hydra's attack. x2
The eight-headed hydra closely misses you.
The eight-headed hydra bites you but does no damage.
The eight-headed hydra bites you.
* * * LOW HITPOINT WARNING * * *
You block the eight-headed hydra's attack.
The eight-headed hydra bites you!
You die...

≈≈≈≈..♣≈..≈≈≈.≈♣≈≈≈.≈≈≈♣♣♣
.≈≈≈≈.≈♣≈≈...^..♣.≈≈≈♣♣♣♣♣♣♣♣
≈≈≈≈≈.♣♣♣♣.....≈♣♣≈..≈..≈≈.≈♣
≈≈≈≈≈.♣♣♣.≈≈≈≈.≈♣♣♣..≈≈≈....♣
§≈≈≈≈.♣≈..≈≈≈≈..≈...≈..≈≈≈..♣
..≈...≈♣.≈≈≈≈..≈≈..≈≈≈.§.≈.≈♣
≈......♣.≈≈≈≈§.≈≈≈§≈≈≈≈≈≈.≈≈♣♣
.♣.......≈≈...≈.≈D.≈≈§≈≈≈.≈≈.♣
.♣........♣♣♣♣♣≈@D..≈≈≈≈≈≈≈.♣♣
♣♣.♣...♣..♣ ♣♣♣♣≈≈♣>....≈≈≈♣
♣≈.♣..♣♣♣≈♣ ♣♣♣♣♣♣♣.♣♣..≈≈.♣ ♣♣
♣..♣...♣♣♣♣ ♣♣♣.♣.♣♣.♣♣♣♣♣..♣♣♣♣.
♣.♣♣.♣.♣ ♣♣♣.♣.♣♣..♣≈♣♣♣...♣♣♣.≈
≈.♣≈.♣.♣♣ ♣.♣♣.♣♣♣.♣..♣♣..≈......
..♣..♣..♣♣♣♣...♣♣♣♣.♣♣.♣≈..≈....≈
.♣♣.♣♣..♣♣.♣♣♣≈.♣♣.♣♣♣≈..≈.♣.≈.≈♣
....♣≈..≈♣♣.♣.♣♣.♣..♣♣♣..♣..≈..≈♣


You could see an eight-headed hydra and a five-headed hydra.

Vanquished Creatures
  Mara (Snake:3)
  Vashnia (Snake:3)
  A tentacled monstrosity (Swamp:4)
  2 deep elf blademasters (Elf:3)
  A deep elf master archer (Elf:3)
  An acid blob (Slime:1)
  Agnes (D:14)
  2 thorn hunters
  Donald (Snake:3)
  13 nagarajas
  2 azure jellies
  4 deep elf sorcerers
  Aizul (Snake:3)
  An emperor scorpion (D:15)
  A deep elf elementalist (Elf:3)
  2 deep elf demonologists (Elf:3)
  12 deep elf annihilators
  4 dire elephants (Lair:6)
  Azrael (Snake:3)
  Snorg (Orc:2)
  A blizzard demon (Abyss:3)
  6 deep elf death magi
  3 ogre magi
  2 great orbs of eyes
  5 deep elf high priests (Elf:3)
  Fannar (D:11)
  21 hydras
  15 naga warriors
  2 ice dragons (IceCv)
  2 catoblepae
  2 ghost crabs (Swamp:3)
  8 anacondas
  6 alligators
  18 two-headed ogres
  23 dancing weapons
  A centaur warrior (D:12)
  7 shock serpents
  10 naga sharpshooters
  4 orc high priests
  2 thrashing horrors (Abyss:3)
  Sonja (Orc:2)
  24 deep elf knights
  A shadow wraith (Abyss:3)
  A spriggan druid (Swamp:4)
  4 unseen horrors
  11 salamander mystics
  10 naga ritualists
  4 sea snakes (Snake:4)
  19 deep elf archers
  3 shambling mangroves
  4 swamp dragons
  Pikel (D:7)
  A lindwurm (Lair:2)
  7 orc knights
  61 deep elf magi
  10 mana vipers
  7 orc sorcerers
  15 salamanders
  A manticore (D:13)
  9 ugly things
  5 oklob plants (Lair:5)
  13 elephants
  2 rust devils
  35 black mambas
  2 smoke demons (Abyss:3)
  6 guardian serpents (Snake:4)
  2 ice statues (IceCv)
  A torpor snail (Lair:5)
  30 naga magi
  18 spiny frogs
  A gargoyle (D:15)
  6 komodo dragons
  2 kobold demonologists (D:15)
  A demonic crawler (Abyss:3)
  3 rime drakes
  An efreet (Abyss:3)
  A hellwing (Abyss:3)
  2 freezing wraiths (D:15)
  An ancient zyme (Abyss:3)
  7 trolls
  16 hornets
  A jumping spider (Abyss:3)
  3 tyrant leeches
  16 slime creatures
  21 blink frogs
  9 hippogriffs
  Grinder (D:6)
  6 bog bodies
  3 raiju (Abyss:3)
  8 spriggans
  6 air elementals
  A wraith (D:10)
  A vampire (D:13)
  4 water elementals
  The ghost of QuCean the Chopper, an amateur MiFi (D:5)
  4 shadows
  37 yaks
  5 wyverns
  A steam dragon (Lair:5)
  A basilisk (Lair:2)
  A chaos spawn (Abyss:3)
  4 golden eyes (Slime:1)
  5 fire elementals
  4 vampire mosquitoes (Swamp:1)
  4 wargs
  A hungry ghost (D:13)
  4 insubstantial wisps (Swamp:3)
  18 swamp worms
  60 nagas
  3 acid dragons
  A soldier ant (D:10)
  12 water moccasins
  8 hell hounds
  A swamp worm (shapeshifter) (D:15)
  11 porcupines
  8 swamp drakes
  A floating eye (shapeshifter) (Elf:1)
  39 orc warriors
  2 black bears
  3 phantoms
  17 ice beasts
  2 sky beasts
  3 eyes of draining
  18 ogres
  2 necrophages
  6 wolves
  5 boggarts (D:14)
  4 centaurs
  3 big kobolds (D:15)
  18 crocodiles
  Blork the orc (D:5)
  14 bullfrogs
  A small abomination (Abyss:3)
  A wyvern zombie (D:12)
  2 earth elementals
  A gnoll sergeant (D:5)
  A water moccasin zombie (D:10)
  A water moccasin skeleton (D:8)
  A wyvern skeleton (D:12)
  16 killer bees
  2 scorpions
  11 wights
  5 howler monkeys
  3 crimson imps
  2 bullfrog zombies
  A quasit (D:8)
  3 centaur zombies
  8 hounds
  2 jellies
  4 centaur skeletons
  21 orc priests
  5 bullfrog skeletons
  24 orc wizards
  A gnoll shaman (D:9)
  Terence (D:2)
  4 iguanas
  Natasha (twice) (D:3)
  14 worker ants
  2 hound skeletons
  A worker ant zombie (D:5)
  7 gnolls
  13 adders
  3 shadow imps
  2 oozes
  3 worms
  8 leopard geckos
  100 orcs
  6 giant cockroaches
  4 goblins
  6 hobgoblins
  14 jackals
  4 quokkas
  7 ball pythons
  12 bats
  6 frilled lizards
  6 kobolds
  A leopard gecko zombie (D:5)
  A quokka skeleton (D:5)
  7 rats
  A butterfly (Lair:3)
  A fungus (Elf:2)
  2 plants (Lair:6)
1307 creatures vanquished.

Vanquished Creatures (others)
  A deep elf master archer (Elf:3)
  3 naga sharpshooters
  A deep elf knight (Elf:2)
  7 deep elf archers
  2 deep elf magi (Elf:3)
  A cyclops (D:15)
  A naga mage (Snake:2)
  A yaktaur (D:15)
  A hellwing (Abyss:3)
  An air elemental (Elf:3)
  2 slaves (D:7)
  2 water elementals (Elf:1)
  A swamp worm (Swamp:3)
  An ice beast (D:7)
  A phantom (D:7)
  A centaur (D:12)
  A centaur zombie (D:7)
  An orc priest (Orc:2)
  A kobold (D:15)
  20 fungi
  37 plants
87 creatures vanquished.

Grand Total: 1394 creatures vanquished

Notes
Turn   | Place    | Note
-------+----------+-------------------------------------------
     0 | D:1      | Mitsuki the Hill Orc Fighter began the quest for the Orb.
     0 | D:1      | Reached XP level 1. HP: 19/19 MP: 1/1
   161 | D:1      | Reached XP level 2. HP: 27/27 MP: 2/2
   736 | D:1      | Reached XP level 3. HP: 33/33 MP: 3/3
  1060 | D:2      | Noticed Terence
  1070 | D:2      | Killed Terence
  1070 | D:2      | Reached XP level 4. HP: 40/41 MP: 4/4
  1868 | D:3      | Noticed Natasha
  1875 | D:3      | Killed Natasha
  1875 | D:3      | Reached XP level 5. HP: 35/47 MP: 5/5
  2012 | D:3      | Found an iron altar of Okawaru.
  2013 | D:3      | Found a white marble altar of Elyvilon.
  2133 | D:3      | Noticed Natasha
  2142 | D:3      | Killed Natasha
  2458 | D:4      | Reached skill level 5 in Fighting
  2508 | D:4      | Reached XP level 6. HP: 56/56 MP: 6/6
  2610 | D:4      | Found a staircase to the Ecumenical Temple.
  2710 | D:5      | Entered Level 5 of the Dungeon
  2742 | D:4      | Reached skill level 5 in Armour
  2742 | D:4      | Reached skill level 5 in Shields
  2808 | Temple   | Entered the Ecumenical Temple
  2979 | D:4      | Reached XP level 7. HP: 61/61 MP: 7/7
  3096 | D:4      | Reached skill level 1 in Evocations
  3465 | D:5      | Noticed QuCean's ghost (amateur MiFi)
  3518 | D:5      | Killed QuCean's ghost
  3692 | D:5      | Reached XP level 8. HP: 55/70 MP: 9/9
  3826 | D:5      | Reached skill level 5 in Polearms
  4009 | D:4      | Found an ancient bone altar of Kikubaaqudgha.
  4093 | D:5      | Noticed Blork the orc
  4130 | D:5      | Killed Blork the orc
  5113 | D:6      | Got a smoking falchion
  5224 | D:6      | Reached XP level 9. HP: 73/79 MP: 11/11
  5371 | D:3      | Became a worshipper of Warmaster Okawaru
  5831 | D:6      | Noticed Grinder
  5840 | D:6      | Killed Grinder
  6021 | D:6      | Found a glowing golden altar of the Shining One.
  6022 | D:6      | Found a sacrificial altar of Ru.
  6023 | D:6      | Found a shadowy altar of Dithmenos.
  6025 | D:6      | Found an opulent altar of Gozag.
  6446 | D:7      | Noticed Pikel
  6457 | D:7      | Killed Pikel
  6457 | D:7      | Reached * piety under Okawaru
  6565 | D:7      | Reached skill level 5 in Evocations
  6958 | D:7      | Reached skill level 1 in Invocations
  7168 | D:7      | Reached XP level 10. HP: 90/90 MP: 13/13
  7568 | D:7      | Noticed a rust devil
  7568 | D:7      | Noticed a rust devil
  7584 | D:8      | Reached ** piety under Okawaru
  7773 | D:8      | Killed a rust devil
  8255 | D:7      | Killed a rust devil
  8563 | D:8      | Noticed a two-headed ogre
  8586 | D:8      | Killed a two-headed ogre
  8760 | D:8      | Noticed a two-headed ogre
  8771 | D:8      | Killed a two-headed ogre
  8771 | D:8      | Reached *** piety under Okawaru
  9942 | D:9      | Reached XP level 11. HP: 92/97 MP: 13/15
 10007 | D:9      | Reached skill level 5 in Invocations
 10111 | D:9      | Noticed a two-headed ogre
 10124 | D:9      | Killed a two-headed ogre
 10124 | D:9      | Received a gift from Okawaru
 10712 | D:10     | Entered Level 10 of the Dungeon
 10775 | D:10     | Noticed a two-headed ogre
 10789 | D:10     | Killed a two-headed ogre
 10789 | D:10     | Reached **** piety under Okawaru
 11021 | D:10     | Reached skill level 10 in Fighting
 11191 | D:10     | Found a staircase to the Orcish Mines.
 11196 | D:10     | Found a bloodstained altar of Trog.
 11208 | D:10     | Got a twisted quarterstaff
 11713 | D:11     | Noticed a purple ugly thing
 11727 | D:11     | Killed a purple ugly thing
 11735 | D:11     | Gained mutation: You have a pair of small horns on your head. [mutagenic meat]
 12217 | D:11     | Noticed a five-headed hydra
 12401 | D:11     | Killed a five-headed hydra
 12638 | D:11     | Noticed Fannar
 12652 | D:11     | Reached ***** piety under Okawaru
 12683 | D:11     | Killed Fannar
 12908 | D:11     | Found a staircase to the Lair.
 12913 | D:11     | Reached XP level 12. HP: 107/107 MP: 17/17
 12945 | Lair:1   | Entered Level 1 of the Lair of Beasts
 13245 | Lair:1   | Received a gift from Okawaru
 13745 | Lair:1   | Reached skill level 10 in Armour
 13874 | Lair:1   | Reached skill level 10 in Shields
 14224 | Lair:1   | Noticed a catoblepas
 14239 | Lair:1   | Killed a catoblepas
 14459 | Lair:2   | Noticed a six-headed hydra
 14464 | Lair:2   | Killed a six-headed hydra
 14478 | Lair:2   | Reached skill level 10 in Polearms
 14569 | Lair:2   | Noticed a six-headed hydra
 14577 | Lair:2   | Killed a six-headed hydra
 15303 | Lair:2   | Noticed a six-headed hydra
 15304 | Lair:2   | Received a gift from Okawaru
 15312 | Lair:2   | Killed a six-headed hydra
 15338 | Lair:2   | Reached XP level 13. HP: 95/116 MP: 19/19
 16589 | Lair:3   | Found a staircase to the Snake Pit.
 17939 | Lair:4   | Found a staircase to the Swamp.
 18980 | Lair:5   | Reached ****** piety under Okawaru
 18994 | Lair:5   | Reached skill level 10 in Invocations
 19722 | Lair:1   | Lost mutation: You have a pair of small horns on your head. [potion of mutation]
 19722 | Lair:1   | Gained mutation: Your system is resistant to poisons. (rPois) [potion of mutation]
 19722 | Lair:1   | Gained mutation: Your mind is acute. (Int +2) [potion of mutation]
 19723 | Lair:1   | Lost mutation: Your mind is acute. (Int +2) [potion of mutation]
 19723 | Lair:1   | Lost mutation: Your system is resistant to poisons. (rPois) [potion of mutation]
 19723 | Lair:1   | Gained mutation: You have a pair of small antennae on your head. [potion of mutation]
 19723 | Lair:1   | Gained mutation: Your muscles are strong. (Str +2) [potion of mutation]
 19724 | Lair:1   | Lost mutation: Your muscles are strong. (Str +2) [potion of mutation]
 19724 | Lair:1   | Lost mutation: You have a pair of small antennae on your head. [potion of mutation]
 19724 | Lair:1   | Gained mutation: You are dopey. (Int -2) [potion of mutation]
 19724 | Lair:1   | Gained mutation: You are surrounded by a mild repulsion field. (EV +2) [potion of mutation]
 19724 | Lair:1   | Gained mutation: You possess an exceptional clarity of mind. [potion of mutation]
 19846 | Lair:6   | Entered Level 6 of the Lair of Beasts
 19956 | Lair:6   | Received a gift from Okawaru
 19957 | Lair:6   | Got a dazzling scarf {god gift}
 20120 | Lair:1   | Identified the scarf of Agaacrus {rElec rC+ MR-} (Okawaru gifted it to you on level 6 of the Lair of Beasts)
 20529 | Lair:5   | Reached XP level 14. HP: 125/127 MP: 21/21
 21817 | Lair:6   | Noticed a dire elephant
 21846 | Lair:6   | Killed a dire elephant
 21985 | Lair:6   | Noticed a dire elephant
 21985 | Lair:6   | Noticed a dire elephant
 22023 | Lair:6   | Killed a dire elephant
 22039 | Lair:6   | Killed a dire elephant
 22117 | Lair:6   | Got a faintly glowing glaive
 22118 | Lair:6   | Identified the +4 glaive of Exquisite Death {chop, rC+ Stlth+} (You found it on level 6 of the Lair of Beasts)
 22184 | Lair:6   | Noticed a dire elephant
 22212 | Lair:6   | Killed a dire elephant
 22212 | Lair:6   | Reached skill level 10 in Evocations
 22508 | Orc:1    | Entered Level 1 of the Orcish Mines
 22714 | Orc:1    | Found a runed door.
 22742 | Orc:1    | Found a runed door.
 22879 | Orc:2    | Entered Level 2 of the Orcish Mines
 22899 | Orc:2    | Paralysed by an orc sorcerer for 5 turns
 22925 | Orc:2    | Received a gift from Okawaru
 23081 | Orc:2    | Noticed Sonja
 23104 | Orc:2    | Killed Sonja
 23235 | Orc:2    | Found a staircase to the Elven Halls.
 24348 | Orc:2    | Gained mutation: You are very dopey. (Int -4) [a neqoxec]
 24681 | Orc:2    | Paralysed by an orc sorcerer for 4 turns
 24689 | Orc:2    | Received a gift from Okawaru
 24690 | Orc:2    | Got an iridescent scimitar {god gift}
 25252 | Orc:2    | Found Xekhlam's Antique Armour Shop.
 25252 | Orc:2    | Found Becvyisa's Armour Emporium.
 25318 | Orc:2    | Found Jemanumn's Book Shop.
 25318 | Orc:2    | Found Qelus's Distillery.
 25327 | Orc:2    | Bought 2 potions of degeneration for 30 gold pieces
 25331 | Orc:2    | Bought a potion of mutation for 120 gold pieces
 25335 | Orc:2    | Lost mutation: You are surrounded by a mild repulsion field. (EV +2) [potion of mutation]
 25335 | Orc:2    | Lost mutation: You possess an exceptional clarity of mind. [potion of mutation]
 25335 | Orc:2    | Lost mutation: You are very dopey. (Int -4) [potion of mutation]
 25335 | Orc:2    | Gained mutation: You are partially covered in molten scales. (AC +2) [potion of mutation]
 25335 | Orc:2    | Gained mutation: You have a pair of small antennae on your head. [potion of mutation]
 25470 | Orc:1    | Noticed Snorg
 25578 | Orc:2    | Killed Snorg
 26223 | Elf:1    | Entered Level 1 of the Elven Halls
 26237 | Elf:1    | Reached XP level 15. HP: 113/136 MP: 23/23
 26628 | Elf:1    | Received a gift from Okawaru
 26629 | Elf:1    | Got a shimmering long sword {god gift}
 26809 | Elf:1    | Noticed a deep elf sorcerer
 26827 | Elf:1    | Killed a deep elf sorcerer
 26847 | Elf:1    | Found Joiwn's Book Shop.
 27836 | Swamp:1  | Entered Level 1 of the Swamp
 27918 | Snake:1  | Entered Level 1 of the Snake Pit
 28158 | Snake:1  | Received a gift from Okawaru
 28613 | Snake:1  | Found a transporter.
 28616 | Snake:1  | Found a deep blue altar of Sif Muna.
 29016 | Snake:1  | Noticed a nagaraja
 29016 | Snake:1  | Noticed a nagaraja
 29036 | Snake:1  | Killed a nagaraja
 29043 | Snake:1  | Killed a nagaraja
 29043 | Snake:1  | Received a gift from Okawaru
 29265 | Snake:1  | Found a transporter.
 29266 | Snake:1  | Got a pitted hand axe
 29509 | Snake:1  | Noticed a nagaraja
 29509 | Snake:1  | Noticed a nagaraja
 29526 | Snake:1  | Killed a nagaraja
 29526 | Snake:1  | Reached XP level 16. HP: 118/146 MP: 25/25
 29532 | Snake:1  | Killed a nagaraja
 30769 | Snake:2  | Received a gift from Okawaru
 31623 | Snake:3  | Noticed Azrael
 31623 | Snake:3  | Noticed a nagaraja
 31632 | Snake:3  | Killed Azrael
 31975 | Snake:3  | Killed a nagaraja
 32195 | Snake:3  | Noticed Vashnia
 32504 | Snake:2  | Noticed a nagaraja
 32523 | Snake:2  | Killed a nagaraja
 32914 | Snake:3  | Killed Vashnia
 33027 | Snake:2  | Received a gift from Okawaru
 33284 | Snake:3  | Noticed Aizul
 33416 | Snake:3  | Killed Aizul
 33419 | Snake:3  | Gained mutation: You are partially covered in thin metallic scales. (AC +2) [mutagenic meat]
 33420 | Snake:3  | Lost mutation: You are dopey. (Int -2) [mutagenic meat]
 33421 | Snake:3  | Gained mutation: You have a pair of antennae on your head. [mutagenic meat]
 33422 | Snake:3  | Gained mutation: You evolve. [mutagenic meat]
 33423 | Snake:3  | Gained mutation: You possess an exceptional clarity of mind. [mutagenic meat]
 33539 | Snake:3  | Gained mutation: You have sharp toenails. [evolution]
 33584 | Snake:3  | Reached skill level 15 in Fighting
 33651 | Snake:3  | Noticed Donald
 33695 | Snake:3  | Killed Donald
 33837 | Snake:3  | Noticed Mara
 33864 | Snake:3  | Noticed Mitsuki's illusion
 33890 | Snake:3  | Killed Mara
 33890 | Snake:3  | Reached XP level 17. HP: 73/156 MP: 27/27
 35352 | D:12     | Lost mutation: You evolve. [mutagenic meat]
 35353 | D:12     | Gained mutation: Your spells are a little easier to cast, but a little less powerful. [mutagenic meat]
 36160 | D:12     | Received a gift from Okawaru
 37032 | D:13     | Gained mutation: You have supernaturally acute eyesight. (SInv) [mutagenic meat]
 37033 | D:13     | Gained mutation: Your spells are easier to cast, but less powerful. [mutagenic meat]
 37575 | Lair:1   | Identified a scroll of acquirement
 38743 | Elf:2    | Reached skill level 15 in Invocations
 38929 | Elf:2    | Received a gift from Okawaru
 39103 | Elf:2    | Found Qikeati's Antique Weapon Emporium.
 39169 | Elf:2    | Found a huge runed gate.
 39169 | Elf:2    | Found a huge runed gate.
 39170 | Elf:2    | Found a huge runed gate.
 39407 | Elf:3    | Entered Level 3 of the Elven Halls
 40068 | Elf:3    | Noticed an Executioner
 40130 | Elf:3    | Cast into level 3 of the Abyss (a deep elf sorcerer)
 40187 | Abyss:3  | Reached XP level 18. HP: 99/166 MP: 29/29
 40396 | Abyss:3  | Found a corrupted altar of Lugonu.
 40509 | Abyss:3  | Received a gift from Okawaru
 40514 | Abyss:3  | Reached skill level 15 in Armour
 40664 | Elf:3    | Escaped the Abyss
 41389 | Lair:5   | Found a staircase to the Slime Pits.
 42158 | Slime:1  | Entered Level 1 of the Pits of Slime
 42350 | Slime:1  | Reached skill level 15 in Shields
 42864 | Elf:3    | Received a gift from Okawaru
 42865 | Elf:3    | Got an encrusted flail {god gift}
 43280 | Elf:3    | Got a fine executioner's axe {vamp}
 43549 | Elf:3    | Found Zeutz's Distillery.
 43590 | Elf:3    | Noticed a deep elf master archer
 43605 | Elf:3    | Killed a deep elf master archer
 43691 | Elf:3    | Received a gift from Okawaru
 43692 | Elf:3    | Got a pair of jewelled gloves {god gift}
 43703 | Elf:3    | Identified the +1 pair of gloves of the Beekeeper {rF+} (Okawaru gifted it to you on level 3 of the Elven Halls)
 43890 | Elf:3    | Noticed a deep elf blademaster
 43910 | Elf:3    | Killed a deep elf blademaster
 44212 | Elf:3    | Got a crystal hand axe {chop}
 44395 | Elf:3    | Got a faintly glowing pewter ring
 44397 | Elf:3    | Identified the ring "Bommuj" {rC++ Dex+4} (You took it off a deep elf death mage on level 3 of the Elven Halls)
 44404 | Elf:3    | Got a bloodstained leather armour
 44407 | Elf:3    | Got a brightly glowing shortbow
 44426 | Elf:3    | Noticed a deep elf master archer
 44433 | Elf:3    | Killed a deep elf master archer
 44433 | Elf:3    | Reached skill level 15 in Polearms
 45006 | Elf:3    | Identified Impis's Almanac of the Big Fish
 45024 | Elf:3    | Identified the Papyrus of Intoxication and Displacement
 45058 | Elf:3    | Got an ichor-stained ring mail
 45087 | Elf:3    | Noticed a deep elf blademaster
 45115 | Elf:3    | Killed a deep elf blademaster
 45358 | Elf:3    | Reached XP level 19. HP: 170/174 MP: 31/31
 45534 | Elf:2    | Got a faintly humming ring mail
 45724 | Lair:1   | Identified the +0 ring mail of the Hidden Orbs {rN+} (You found it on level 3 of the Elven Halls)
 45734 | Lair:1   | Identified the +4 ring mail of Catatonia {MR++ Dex-5} (You found it on level 2 of the Elven Halls)
 46152 | Elf:2    | Received a gift from Okawaru
 47340 | Snake:4  | Entered Level 4 of the Snake Pit
 48196 | Snake:4  | Found a sparkling altar of Nemelex Xobeh.
 49794 | Snake:3  | Gained mutation: Your magical capacity is low. (-10% MP) [mutagenic meat]
 49796 | Snake:3  | Lost mutation: You have sharp toenails. [mutagenic meat]
 50482 | Snake:4  | Received a gift from Okawaru
 50638 | Snake:4  | Reached XP level 20. HP: 184/184 MP: 29/29
 50681 | Snake:4  | Received a gift from Okawaru
 50682 | Snake:4  | Got a pitted morningstar {god gift}
 50858 | Snake:4  | Gained mutation: Your spells are much easier to cast, but much less powerful. [mutagenic meat]
 50859 | Snake:4  | Lost mutation: Your spells are much easier to cast, but much less powerful. [mutagenic meat]
 51695 | Snake:4  | Got a serpentine rune of Zot
 51982 | D:14     | Found a frozen archway.
 51995 | IceCv    | Entered an ice cave
 52641 | D:14     | Found a gate to the Vaults.
 52701 | D:14     | Noticed Agnes
 52720 | D:14     | Killed Agnes
 52836 | D:14     | Found Boghin's Book Shoppe.
 52838 | D:14     | Lost mutation: Your spells are easier to cast, but less powerful. [mutagenic meat]
 52840 | D:14     | Gained mutation: You are resistant to hostile enchantments. (MR+) [mutagenic meat]
 52888 | D:14     | Found Rant's Changing Room.
 53042 | D:14     | Received a gift from Okawaru
 53430 | D:15     | Entered Level 15 of the Dungeon
 53926 | D:15     | Found a staircase to the Depths.
 53981 | D:15     | Gained mutation: You are agile. (Dex +2) [mutagenic meat]
 53982 | D:15     | Lost mutation: You possess an exceptional clarity of mind. [mutagenic meat]
 54371 | D:14     | Bought 3 mutagenic chunks of flesh for 4 gold pieces
 54373 | D:14     | Bought 2 potions of mutation for 240 gold pieces
 54384 | D:14     | Lost mutation: You have a pair of antennae on your head. [potion of mutation]
 54384 | D:14     | Lost mutation: Your magical capacity is low. (-10% MP) [potion of mutation]
 54384 | D:14     | Lost mutation: Your spells are a little easier to cast, but a little less powerful. [potion of mutation]
 54384 | D:14     | Lost mutation: You have supernaturally acute eyesight. (SInv) [potion of mutation]
 54384 | D:14     | Lost mutation: You have a pair of small antennae on your head. [potion of mutation]
 54384 | D:14     | Gained mutation: Your magical capacity is low. (-10% MP) [potion of mutation]
 54384 | D:14     | Gained mutation: Scrolls take you a little longer to read. [potion of mutation]
 54384 | D:14     | Gained mutation: You have a pair of small antennae on your head. [potion of mutation]
 54385 | D:14     | Lost mutation: You are partially covered in thin metallic scales. (AC +2) [potion of mutation]
 54385 | D:14     | Lost mutation: Scrolls take you a little longer to read. [potion of mutation]
 54385 | D:14     | Lost mutation: You are agile. (Dex +2) [potion of mutation]
 54385 | D:14     | Lost mutation: Your magical capacity is low. (-10% MP) [potion of mutation]
 54385 | D:14     | Gained mutation: You have a pair of antennae on your head. [potion of mutation]
 54385 | D:14     | Gained mutation: Your magical capacity is low. (-10% MP) [potion of mutation]
 54385 | D:14     | Gained mutation: You are agile. (Dex +2) [potion of mutation]
 54415 | D:14     | Gained mutation: Potions are less effective at restoring your health. [mutagenic glow]
 54480 | D:14     | Gained mutation: You occasionally shout uncontrollably at your foes. [mutagenic glow]
 54517 | D:14     | Gained mutation: You tend to lose your temper in combat. [mutagenic glow]
 54550 | D:14     | Gained mutation: You often lose your temper in combat. [mutagenic glow]
 54593 | D:13     | Gained mutation: Scrolls take you a little longer to read. [mutagenic glow]
 54643 | Lair:2   | Gained mutation: Armour fits poorly on your strangely shaped body. [mutagenic glow]
 54698 | Swamp:1  | Gained mutation: You expend magic power (3 MP) to strengthen your wands. [mutagenic glow]
 54738 | Swamp:1  | Gained mutation: Scrolls take you longer to read. [mutagenic glow]
 54777 | Swamp:1  | Gained mutation: Scrolls take you much longer to read. [mutagenic glow]
 54820 | Swamp:1  | Gained mutation: Your spells are a little easier to cast, but a little less powerful. [mutagenic glow]
 54844 | Swamp:1  | Gained mutation: You have an uncontrollable temper. [mutagenic glow]
 54879 | Swamp:1  | Lost mutation: You are agile. (Dex +2) [mutagenic glow]
 54922 | Swamp:1  | Gained mutation: You are weak. (Str -2) [mutagenic glow]
 54971 | Swamp:1  | Gained mutation: You are very weak. (Str -4) [mutagenic glow]
 55021 | Swamp:1  | Gained mutation: Your body sometimes deteriorates upon taking damage. [mutagenic glow]
 55114 | Swamp:1  | Gained mutation: You are occasionally teleported next to monsters. [mutagenic glow]
 56092 | Swamp:1  | Received a gift from Okawaru
 56093 | Swamp:1  | Got an ichor-stained robe {god gift}
 58018 | Swamp:3  | Reached XP level 21. HP: 194/194 MP: 30/30
 58252 | Swamp:4  | Entered Level 4 of the Swamp
 58666 | Swamp:3  | HP: 9/194 [eight-headed hydra (5)]
 58666 | Swamp:3  | Slain by an eight-headed hydra

Skill      XL: |  1  2  3  4  5  6  7  8  9 10 11 12 13 14 15 16 17 18 19 20 |
---------------+-------------------------------------------------------------+-----
Fighting       | 4 5 6 7 8 9 10 11 12 13 14 15 16 17 18 | 18.1
Armour         | 4 5 6 7 8 9 10 11 12 13 14 15 16 | 16.9
Shields        | 4 5 6 7 8 9 10 11 12 13 14 15 16 | 16.9
Polearms       | 3 4 5 7 8 9 10 11 12 13 14 15 16 | 16.7
Evocations     | 2 3 5 6 7 8 9 10 11 12 13 14 | 14.8
Invocations    | 1 4 6 8 10 11 13 14 15 16 17 18 | 18.3

Action                   |  1- 3 |  4- 6 |  7- 9 | 10-12 | 13-15 | 16-18 | 19-21 || total
-------------------------+-------+-------+-------+-------+-------+-------+-------++-------
Melee: Trident           |   129 |   249 |   503 |   898 |  1903 |  1689 |  2205 ||  7576
       Headbutt          |       |       |       |    69 |   100 |       |       ||   169
Invok: Heroism           |       |       |       |    19 |    14 |    14 |       ||    47
       Finesse           |       |       |       |     1 |     7 |     5 |       ||    13
 Abil: Evoke Flight      |       |       |       |       |       |     2 |     1 ||     3
       Stop Flying       |       |       |       |       |       |     1 |     1 ||     2
       Evoke Invisibilit |       |       |       |       |       |       |     3 ||     3
Evoke: Wand              |       |       |       |     2 |       |     7 |       ||     9
  Use: Potion            |       |       |       |     6 |     7 |     7 |     5 ||    25
       Scroll            |       |       |       |     2 |    15 |    25 |     2 ||    44
 Stab: Distracted        |       |       |       |       |     1 |       |     2 ||     3
       Invisible         |       |       |       |       |       |       |     1 ||     1
  Eat: Chunk             |     1 |     6 |    15 |    24 |    43 |    27 |    43 ||   159
       Royal jelly       |       |       |       |     2 |     1 |     3 |     2 ||     8
       Bread ration      |       |       |       |       |     1 |     2 |     1 ||     4
       Meat ration       |       |       |       |       |       |     3 |     1 ||     4
       Fruit             |       |       |       |       |       |     3 |     3 ||     6
Armor: Chain mail        |    62 |       |       |       |       |       |   351 ||   413
       Scale mail        |     2 |       |       |       |       |       |       ||     2
       Plate armour      |    16 |   157 |   235 |   255 |   490 |   264 |    64 ||  1481
       Acid dragon scale |       |       |       |       |       |    24 |       ||    24
Dodge: Dodged            |    17 |    30 |    59 |   119 |   245 |   138 |   110 ||   718
Block: Shield            |    59 |   110 |   197 |   519 |  1348 |   670 |       ||  2903
       Reflection        |       |       |       |       |    59 |   180 |   203 ||   442
       Large shield      |       |       |       |       |       |   415 |  2193 ||  2608
